Map: [ESL] Ancient Cistern

Players

ByuN - Winner!

  • Race: Terran Terran
  • Spawn Location: 1:00

Elazer

  • Race: Zerg Zerg
  • Spawn Location: 7:00

Event: ESL SC2 Masters 2023 Summer (Finals)

VOD

Have the link to the VOD?

Description

Time

  • Played on: June 17, 2023, 10:55 a.m.
  • Length: 8:47

All games in this series

Show
View Real Time Build Order
Export as new Build Order

ByuN Terran - Winner!

Build Orders:  

Get SALT Encoding   

  12  0:00  SCV  
  13  0:12  SCV  
  14  0:17  Supply Depot  
  14  0:24  SCV  
  15  0:39  SCV  
  15  0:40  Barracks  
  16  0:44  Refinery  
  16  0:51  SCV  
  17  0:59  Barracks  
  17  1:04  SCV  
  18  1:16  SCV  
  19  1:20  Barracks  
  19  1:26  Reaper  
  20  1:36  Orbital Command  
  20  1:42  Refinery  
  20  1:45  Reaper  
  21  1:54  Supply Depot  
  21  2:01  SCV  
  21  2:03  Reaper  
  23  2:16  SCV, Reaper  
  25  2:24  Reaper  
  25  2:28  SCV  
  25  2:29  Supply Depot  
  27  2:35  Reaper  
  28  2:40  SCV  
  29  2:48  Reaper  
  30  2:52  SCV  
  30  2:57  Reaper  
  32  3:04  SCV, Command Center  
  33  3:14  Reaper  
  33  3:16  SCV  
  35  3:20  Supply Depot  
  35  3:26  Reaper  
  36  3:28  SCV  
  36  3:32  Reaper  
  38  3:40  SCV  
  38  3:44  Factory  
  38  3:49  Reaper  
  38  3:52  SCV  
  40  4:04  Refinery  
  40  4:05  SCV, Refinery  
  40  4:07  Reaper  
  42  4:13  Reaper  
  42  4:16  Orbital Command  
  42  4:17  SCV  
  45  4:24  Reaper  
  45  4:30  SCV  
  45  4:31  Starport  
  46  4:35  Factory Reactor  
  46  4:40  Reaper  
  46  4:42  SCV  
  46  4:43  SCV  
  49  4:47  Supply Depot  
  50  4:55  SCV x2, Barracks Tech Lab  
  51  5:07  SCV x2  
  51  5:12  Command Center  
  53  5:17  Medivac x2  
  53  5:19  SCV  
  53  5:20  SCV  
  59  5:22  Barracks Reactor  
  59  5:24  Barracks Reactor  
  59  5:27  Marine  
  60  5:30  Stimpack, Factory Reactor  
  60  5:33  SCV x2  
  62  5:37  Supply Depot  
  62  5:45  SCV x2  
  65  5:52  Liberator  
  65  5:56  Supply Depot  
  68  5:58  Liberator  
  68  6:00  SCV x2  
  73  6:07  Engineering Bay x2  
  73  6:11  Marine  
  73  6:12  SCV x2  
  73  6:13  Marine  
  73  6:15  Marine  
  73  6:16  Marine  
  73  6:17  Marine  
  79  6:24  SCV x2  
  81  6:26  Orbital Command  
  81  6:31  Marine x2  
  83  6:34  Terran Infantry Weapons Level 1, Terran Infantry Armor Level 1  
  83  6:38  SCV x2  
  85  6:40  Marine x2  
  85  6:41  Marine  
  87  6:50  Orbital Command  
  87  6:55  SCV x2  
  87  6:59  Supply Depot x2  
  87  7:01  Marine x2  
  90  7:02  Barracks  
  90  7:03  Barracks  
  90  7:04  Marine x2  
  90  7:05  Marine  
  94  7:13  Medivac x2  
  97  7:17  Widow Mine x2  
  97  7:20  Marine x2  
  97  7:21  SCV x2  
  97  7:22  SCV  
  106  7:23  Supply Depot  
  106  7:33  SCV x2  
  106  7:35  Marine x3  
  108  7:39  SCV  
  108  7:44  Medivac x2  
  111  7:45  SCV  
  111  7:46  Armory  
  111  7:50  Marine x2  
  114  7:51  SCV  
  114  7:52  SCV  
  114  7:53  Marine x2  
  114  7:57  SCV  
  114  7:58  Barracks Reactor x2  
  118  7:59  Widow Mine  
  118  8:05  Supply Depot  
  120  8:06  Supply Depot  
  120  8:07  Marine  
  120  8:08  Marine x2  
  120  8:11  Marine x2  
  121  8:17  SCV  
  121  8:20  SCV x2  
  121  8:22  Factory  
  121  8:25  Marine x2  
  121  8:26  Marine  
  126  8:28  Marine x2  
  132  8:34  SCV  
  132  8:35  SCV  
Show
View Real Time Build Order
Export as new Build Order

Elazer Zerg 

Build Orders: Hatch First 

Get SALT Encoding   

  12  0:00  Drone  
  13  0:12  Overlord  
  13  0:16  Drone  
  14  0:30  Drone x2  
  16  0:47  Hatchery  
  15  0:50  Drone  
  15  0:53  Drone  
  18  0:57  Drone  
  18  1:07  Extractor  
  17  1:11  Spawning Pool  
  17  1:15  Drone  
  18  1:18  Drone  
  18  1:27  Drone  
  19  1:38  Drone  
  20  1:49  Drone  
  21  1:58  Queen  
  21  1:59  Queen  
  21  2:00  Zergling x4  
  27  2:12  Metabolic Boost  
  27  2:13  Zergling x2  
  27  2:14  Overlord  
  28  2:30  Hatchery  
  28  2:34  Drone  
  27  2:40  Queen  
  29  2:44  Drone  
  29  2:49  Zergling x2  
  29  2:50  Zergling x2  
  32  2:53  Zergling x2  
  32  2:56  Zergling x2  
  34  3:00  Zergling x2  
  35  3:07  Overlord  
  35  3:16  Queen  
  33  3:20  Zergling x4  
  33  3:24  Queen  
  35  3:27  Zergling x2  
  35  3:34  Zergling x4  
  38  3:42  Drone x3  
  40  3:49  Queen  
  40  3:51  Zergling x2  
  40  3:54  Zergling x4  
  44  4:03  Overlord, Drone x2  
  44  4:07  Drone  
  44  4:09  Drone  
  48  4:11  Drone  
  48  4:15  Overlord  
  49  4:31  Drone  
  49  4:32  Drone x6  
  49  4:36  Overlord  
  49  4:37  Drone x2  
  59  4:38  Drone  
  59  4:41  Drone x2  
  61  4:45  Drone x2  
  61  4:50  Overlord  
  63  4:55  Zergling x10  
  68  5:01  Zergling x2  
  68  5:03  Zergling x8  
  73  5:07  Zergling x2  
  73  5:08  Overlord  
  73  5:11  Overlord  
  73  5:23  Drone x2  
  73  5:24  Evolution Chamber  
  73  5:27  Extractor, Drone x3  
  76  5:30  Drone  
  76  5:31  Drone  
  76  5:32  Drone x4  
  82  5:37  Zergling x12  
  88  5:43  Overlord  
  88  5:48  Drone x2  
  90  5:55  Hatchery  
  89  5:58  Drone  
  89  6:00  Zergling x10  
  89  6:03  Zerg Ground Armor Level 1  
  95  6:05  Overlord  
  95  6:10  Queen x3  
  101  6:13  Zergling x6  
  103  6:19  Zergling x4  
  103  6:23  Overlord  
  105  6:28  Drone  
  105  6:30  Drone  
  105  6:31  Drone x2  
  105  6:32  Baneling Nest  
  108  6:33  Extractor, Evolution Chamber  
  108  6:34  Drone x2  
  108  6:35  Drone  
  108  6:36  Zergling x8  
  113  6:45  Overlord  
  111  6:52  Zergling x8  
  115  7:01  Drone  
  115  7:06  Zergling x10  
  115  7:08  Overlord  
  117  7:10  Hatchery  
  117  7:13  Spore Crawler  
  111  7:17  Drone  
  111  7:18  Spore Crawler, Lair  
  111  7:22  Zergling x10  
  115  7:29  Overlord  
  109  7:30  Drone  
  109  7:31  Drone x8  
  118  7:39  Drone x3  
  112  7:53  Overlord  
  112  7:56  Drone x4  
  112  7:57  Drone  
  114  8:01  Baneling  
  114  8:02  Baneling x6  
  114  8:05  Drone  
  114  8:06  Drone x3  
  114  8:13  Zergling x2  
  114  8:14  Zergling x12  
  116  8:23  Zergling x2  
  116  8:24  Zergling x6  
  118  8:30  Zergling x6  
Tags
 
Add a new tag
Caveats
  • Supply blocks, unpowered buildings, or Contaminate may cause inaccurate times.
  • Supply counts are checked every 10 seconds.